[Event "DVM U20 2019"]
[Site "Braunschweig"]
[Date "2019.12.27"]
[Round "2"]
[White "Verfürth, Kevin"]
[Black "Triantafillidis, Simeon"]
[Result "1/2-1/2"]
[ECO "A20"]
[WhiteElo "2038"]
[BlackElo "1931"]
[Annotator "NA"]
[PlyCount "87"]
[EventDate "2019.12.27"]
[EventType "team-tourn"]
[EventRounds "7"]
[EventCountry "GER"]
[SourceTitle "playchess.com"]
[Source "ChessBase"]
[SourceQuality "1"]
[WhiteTeam "SK Turm Kleve"]
[BlackTeam "SF HN-Biberach"]
[TimeControl "40/5400+30:1800+30"]

1. c4 e5 2. g3 Nf6 3. Bg2 d5 4. cxd5 Nxd5 5. Nc3 Nb6 6. e3 Nc6 7. Nge2 Be7 8. f4 exf4 9. Nxf4 Ne5 10. O-O c6 11. d4 Ng6 12. e4 O-O 13. b3 c5 14. Ncd5 Nxd5 15. Nxd5 cxd4 16. Bb2 Bc5 17. b4 Bd6 18. Bxd4 Be6 19. a3 Bxd5 20. exd5 Be5 21. Rc1 Bxd4+ 22. Qxd4 Qd7 23. Rc3 Ne7 24. Rfc1 Nf5 25. Qf4 Nd6 26. Rc7 Qd8 27. a4 Rc8 28. Rxc8 Nxc8 29. Qc7 Nd6 30. Qxd8 Rxd8 31. Rc7 g6 32. Kf2 Kg7 33. Ke3 Kf6 34. Kd4 h5 35. Bh3 g5 36. Bf1 Nf5+ 37. Kc5 Ke5 38. Bc4 Nd6 39. Re7+ Kf6 40. Re2 Nf5 41. b5 Rc8+ 42. Kb4 Nd6 43. Bd3 b6 44. Bc2 {normal Ke5} 1/2-1/2

[Event "DVM U20 2019"]
[Site "Braunschweig"]
[Date "2019.12.27"]
[Round "2"]
[White "Keller, Yannik"]
[Black "Wu, Luka"]
[Result "1-0"]
[ECO "B76"]
[WhiteElo "2020"]
[BlackElo "2073"]
[Annotator "NA"]
[PlyCount "49"]
[EventDate "2019.12.27"]
[EventType "team-tourn"]
[EventRounds "7"]
[EventCountry "GER"]
[SourceTitle "playchess.com"]
[Source "ChessBase"]
[SourceQuality "1"]
[WhiteTeam "Sges Bensheim"]
[BlackTeam "OSG Baden-Baden"]
[TimeControl "40/5400+30:1800+30"]

1. e4 c5 2. Nf3 d6 3. d4 cxd4 4. Nxd4 Nf6 5. Nc3 g6 6. f3 Bg7 7. Be3 O-O 8. Bc4 Nc6 9. Bb3 Bd7 10. h4 Nxd4 11. Bxd4 b5 12. Qd2 a5 13. h5 e6 14. a3 Qe7 15. hxg6 fxg6 16. O-O-O Ra6 17. e5 Ne8 18. Ne4 Rf7 19. exd6 Nxd6 20. Nc5 Rc6 21. Bxg7 Kxg7 22. Nxd7 Qxd7 23. Qd4+ Kg8 24. Rhe1 {[%emt 0:00:41] normal} Re7 25. Qf6 {[%emt 0:01:05] normal} 1-0

[Event "DVM U20 2019"]
[Site "Braunschweig"]
[Date "2019.12.27"]
[Round "2"]
[White "Wu, Leon"]
[Black "Hennemann, Florian"]
[Result "1/2-1/2"]
[ECO "B98"]
[WhiteElo "2019"]
[BlackElo "1865"]
[Annotator "NA"]
[PlyCount "44"]
[EventDate "2019.12.27"]
[EventType "team-tourn"]
[EventRounds "7"]
[EventCountry "GER"]
[SourceTitle "playchess.com"]
[Source "ChessBase"]
[SourceQuality "1"]
[WhiteTeam "OSG Baden-Baden"]
[BlackTeam "Sges Bensheim"]
[TimeControl "40/5400+30:1800+30"]

1. e4 c5 2. Nf3 d6 3. d4 cxd4 4. Nxd4 Nf6 5. Nc3 a6 6. Bg5 e6 7. f4 Be7 8. Qe2 Nc6 9. O-O-O Qc7 10. g4 b5 11. Nxc6 Qxc6 12. e5 Bb7 13. Rg1 dxe5 14. fxe5 Nd5 15. Bxe7 Nxc3 16. bxc3 Kxe7 17. Bg2 Qc7 18. Bxb7 Qxb7 19. Qf2 Rhc8 20. Qh4+ Ke8 21. Qxh7 Rxc3 22. Qxg7 Qe4 {[%emt 0:02:54] normal} 1/2-1/2

[Event "DVM U20 2019"]
[Site "Braunschweig"]
[Date "2019.12.27"]
[Round "2"]
[White "Seref, Erdogan"]
[Black "Klenk, Sofie"]
[Result "1/2-1/2"]
[ECO "A12"]
[WhiteElo "2003"]
[BlackElo "1812"]
[Annotator "NA"]
[PlyCount "95"]
[EventDate "2019.12.27"]
[EventType "team-tourn"]
[EventRounds "7"]
[EventCountry "GER"]
[SourceTitle "playchess.com"]
[Source "ChessBase"]
[SourceQuality "1"]
[WhiteTeam "SF Brackel"]
[BlackTeam "SF Augsburg"]
[TimeControl "40/5400+30:1800+30"]

1. c4 c6 2. Nf3 d5 3. b3 Nf6 4. Bb2 Bf5 5. g3 Qb6 6. Qc1 Ne4 7. Bd4 c5 8. Bb2 d4 9. d3 Nf6 10. Bg2 Nc6 11. Qf4 e6 12. O-O Nb4 13. Qc1 Bd6 14. Nbd2 O-O 15. a3 Nc6 16. b4 cxb4 17. axb4 Bxb4 18. Nb3 e5 19. Qg5 Bg4 20. c5 Bxc5 21. Nxc5 Qxc5 22. Ba3 Nb4 23. Rfc1 Qe7 24. Qxe5 Qxe5 25. Nxe5 a5 26. Nxg4 Nxg4 27. h3 Nf6 28. Bxb7 Rab8 29. Bf3 h6 30. Rc5 Rfc8 31. Rxa5 Nc2 32. Rc1 Nxa3 33. Rxc8+ Rxc8 34. Rxa3 Kf8 35. Ra4 Rd8 36. Kf1 Ke7 37. Ke1 Ne8 38. Ra5 Kf6 39. Kd2 g6 40. e3 dxe3+ 41. fxe3 Ke6 42. d4 f5 43. Kc3 Nf6 44. Rc5 Rd6 45. Re5+ Kf7 46. d5 Nd7 47. Re6 Rxe6 48. dxe6+ {normal} 1/2-1/2

[Event "DVM U20 2019"]
[Site "Braunschweig"]
[Date "2019.12.27"]
[Round "2"]
[White "Brunner, Wilken"]
[Black "Reimer, Philip"]
[Result "1-0"]
[ECO "A05"]
[WhiteElo "1978"]
[BlackElo "2065"]
[Annotator "NA"]
[PlyCount "96"]
[EventDate "2019.12.27"]
[EventType "team-tourn"]
[EventRounds "7"]
[EventCountry "GER"]
[SourceTitle "playchess.com"]
[Source "ChessBase"]
[SourceQuality "1"]
[WhiteTeam "Karlsruher SF"]
[BlackTeam "SK Lehrte 1919"]
[TimeControl "40/5400+30:1800+30"]

1. Nf3 Nf6 2. d4 e6 3. g3 b5 4. Bg2 Bb7 5. O-O c5 6. c3 Nc6 7. Qb3 Qb6 8. Na3 a6 9. Be3 Be7 10. dxc5 Bxc5 11. Nc4 bxc4 12. Qxb6 Bxb6 13. Bxb6 d6 14. Nd2 d5 15. Bc5 Ne7 16. Nxc4 Nf5 17. Ba3 Rc8 18. Na5 Ba8 19. Rfd1 h5 20. h3 g5 21. e3 Ne4 22. Bf1 Nfd6 23. Bxa6 Rc7 24. Nb3 Nc4 25. Bb5+ Kd8 26. Bxc4 Rxc4 27. Rd4 Rc7 28. Rad1 Kc8 29. Rc1 f5 30. Ra4 Kd7 31. f3 Nxg3 32. Kf2 Bc6 33. Ra5 f4 34. Nc5+ Kc8 35. Nxe6 Nf5 36. exf4 Rd7 37. fxg5 Re8 38. Nd4 Nxd4 39. cxd4 Kb7 40. Bc5 Kc8 41. b4 h4 42. b5 Bb7 43. Bd6+ Kd8 44. Be5 Re6 45. Rg1 Ke8 46. f4 Kf8 47. g6 Rb6 48. f5 {[%emt 0:00:00] normal} Rd8 {[%emt 0:01:15] normal} 1-0

[Event "DVM U20 2019"]
[Site "Braunschweig"]
[Date "2019.12.27"]
[Round "2"]
[White "Meyling, Lennart"]
[Black "Röhr, Tobias"]
[Result "1-0"]
[ECO "A45"]
[WhiteElo "1955"]
[BlackElo "2103"]
[Annotator "NA"]
[PlyCount "173"]
[EventDate "2019.12.27"]
[EventType "team-tourn"]
[EventRounds "7"]
[EventCountry "GER"]
[SourceTitle "playchess.com"]
[Source "ChessBase"]
[SourceQuality "1"]
[WhiteTeam "Hamburger SK"]
[BlackTeam "SG Aufbau Elbe Magdeburg"]
[TimeControl "40/5400+30:1800+30"]

1. d4 Nf6 2. Nc3 d5 3. Bf4 c5 4. e3 cxd4 5. exd4 a6 6. Nf3 Bg4 7. Be2 Nc6 8. O-O e6 9. h3 Bh5 10. Ne5 Bxe2 11. Nxe2 Bd6 12. Nxc6 bxc6 13. Bxd6 Qxd6 14. Qd3 O-O 15. c4 e5 16. dxe5 Qxe5 17. cxd5 Rfd8 18. b3 Nxd5 19. Ng3 g6 20. Rfe1 Qf4 21. Re4 Qf6 22. Rc1 Nb4 23. Qc4 Nd3 24. Rc2 Rd6 25. Re3 Rad8 26. Ne4 Qa1+ 27. Kh2 Qe5+ 28. g3 Rd4 29. Qxc6 Qf5 30. Nf6+ Kg7 31. Rf3 Ne5 32. Rxf5 Nxc6 33. Nh5+ Kf8 34. Rf4 Ne5 35. Re2 Nc6 36. Nf6 Rxf4 37. gxf4 Nd4 38. Re4 h5 39. Nh7+ Kg7 40. Ng5 Nf5 41. Rc4 Rd2 42. Ra4 Rxf2+ 43. Kg1 Rb2 44. Rxa6 Nd4 45. Ra7 Kg8 46. Kf1 Ne2 47. Ra8+ Kg7 48. Ra7 Kg8 49. f5 Ng3+ 50. Kg1 Nxf5 51. Nxf7 Nh4 52. Ne5 Rg2+ 53. Kf1 Rg3 54. b4 Rxh3 55. b5 Rh1+ 56. Kf2 Rb1 57. a4 Rb2+ 58. Ke3 Nf5+ 59. Kf4 h4 60. Nxg6 h3 61. Kxf5 Rf2+ 62. Kg5 h2 63. Ra8+ Kg7 64. Rh8 Ra2 65. Rh3 Rxa4 66. Nf4 Rb4 67. Ne6+ Kf7 68. Nc7 Rb2 69. Rh7+ Kf8 70. Kg4 Kg8 71. Rh3 Kf7 72. Kg3 Ke7 73. Rxh2 Rb3+ 74. Kf4 Kd6 75. Rc2 Kd7 76. Ke5 Kc8 77. Nd5+ Kb7 78. b6 Kb8 79. Kd6 Rh3 80. Rf2 Rh6+ 81. Rf6 Rh8 82. Kc6 Rg8 83. Nc7 Rc8 84. Re6 Rh8 85. Na6+ Ka8 86. b7+ Ka7 87. b8=Q+ {[%emt 0:00:06] normal} 1-0

[Event "DVM U20 2019"]
[Site "Braunschweig"]
[Date "2019.12.27"]
[Round "2"]
[White "Weisheit, Erik"]
[Black "Kartsev, Nikolay"]
[Result "1/2-1/2"]
[ECO "B56"]
[WhiteElo "1944"]
[BlackElo "2092"]
[Annotator "NA"]
[PlyCount "88"]
[EventDate "2019.12.27"]
[EventType "team-tourn"]
[EventRounds "7"]
[EventCountry "GER"]
[SourceTitle "playchess.com"]
[Source "ChessBase"]
[SourceQuality "1"]
[WhiteTeam "SF Augsburg"]
[BlackTeam "SF Brackel"]
[TimeControl "40/5400+30:1800+30"]

1. e4 c5 2. Nf3 d6 3. d4 cxd4 4. Nxd4 Nf6 5. Nc3 Nc6 6. f3 e5 7. Nb3 Be6 8. Be3 Be7 9. Qd2 d5 10. exd5 Nxd5 11. Nxd5 Qxd5 12. Qxd5 Bxd5 13. O-O-O Be6 14. Nc5 Bxc5 15. Bxc5 f6 16. Bb5 Kf7 17. Rd6 Rad8 18. Rhd1 Rxd6 19. Rxd6 Rc8 20. Bxc6 Rxc6 21. Rxc6 bxc6 22. Bxa7 Bc4 23. Kd2 Bf1 24. g3 Ke6 25. b3 f5 26. a4 Ba6 27. c4 g5 28. Kc3 h5 29. b4 f4 30. gxf4 exf4 31. Bb8 c5 32. b5 Bb7 33. h4 gxh4 34. Bxf4 Bxf3 35. Kd3 Kd7 36. Ke3 Bg2 37. a5 Bf1 38. Ke4 Bxc4 39. Be3 h3 40. Kf3 h4 41. Kf2 Kd6 42. Kg1 Bxb5 43. Kh2 Bf1 44. a6 Bxa6 {normal} 1/2-1/2

[Event "DVM U20 2019"]
[Site "Braunschweig"]
[Date "2019.12.27"]
[Round "2"]
[White "Wegmer, Leon"]
[Black "Brockmeyer, Tobias"]
[Result "1/2-1/2"]
[ECO "A48"]
[WhiteElo "1939"]
[BlackElo "1902"]
[Annotator "NA"]
[PlyCount "101"]
[EventDate "2019.12.27"]
[EventType "team-tourn"]
[EventRounds "7"]
[EventCountry "GER"]
[SourceTitle "playchess.com"]
[Source "ChessBase"]
[SourceQuality "1"]
[WhiteTeam "Karlsruher SF"]
[BlackTeam "SK Lehrte 1919"]
[TimeControl "40/5400+30:1800+30"]

1. d4 Nf6 2. Nf3 g6 3. Bf4 Bg7 4. Nc3 d5 5. e3 O-O 6. h3 c5 7. Be2 b6 8. O-O Bb7 9. Nb5 Na6 10. c3 Re8 11. Qa4 Nd7 12. Bh2 Nf8 13. Nd6 exd6 14. Bxa6 Bxa6 15. Qxa6 Qd7 16. a4 Ne6 17. Qd3 a6 18. Rfc1 Red8 19. b4 c4 20. Qe2 Rf8 21. Nd2 f5 22. f4 Rae8 23. Qf3 Nc7 24. Bg3 Qe6 25. Bf2 Kf7 26. Rcb1 Bf6 27. Kh2 h5 28. Ra2 Rh8 29. h4 Qe7 30. g3 Rb8 31. b5 a5 32. Re1 Qe6 33. Raa1 Rhc8 34. Re2 Ne8 35. Rae1 Rc7 36. Bg1 Bg7 37. Qg2 Nf6 38. Nf3 Bh6 39. Ng5+ Bxg5 40. fxg5 Ng4+ 41. Kh1 Re8 42. Qf3 Qe4 43. Qxe4 Rxe4 44. Kg2 Rce7 45. Kf3 Ke6 46. Rd1 Kd7 47. Rde1 Re8 48. Rd1 R8e7 49. Rde1 Re8 50. Rd1 R8e7 51. Rde1 {[%emt 0:00:06] normal} 1/2-1/2

[Event "DVM U20 2019"]
[Site "Braunschweig"]
[Date "2019.12.27"]
[Round "2"]
[White "Martin, Richard"]
[Black "Simrock, Manuel"]
[Result "1-0"]
[ECO "C48"]
[WhiteElo "1930"]
[BlackElo "1211"]
[Annotator "NA"]
[PlyCount "66"]
[EventDate "2019.12.27"]
[EventType "team-tourn"]
[EventRounds "7"]
[EventCountry "GER"]
[SourceTitle "playchess.com"]
[Source "ChessBase"]
[SourceQuality "1"]
[WhiteTeam "OSG Baden-Baden"]
[BlackTeam "Sges Bensheim"]
[TimeControl "40/5400+30:1800+30"]

1. e4 e5 2. Nf3 Nc6 3. Nc3 Nf6 4. Bb5 d6 5. d4 exd4 6. Nxd4 Bd7 7. Nxc6 Bxc6 8. Bxc6+ bxc6 9. O-O Be7 10. Qe2 O-O 11. Bf4 Rb8 12. b3 Re8 13. Rad1 Nd7 14. Qc4 Bg5 15. Bxg5 Qxg5 16. Qxc6 Ne5 17. Qd5 Nf3+ 18. Kh1 Re5 19. Qd3 Nh4 20. Qg3 Qh6 21. f4 Rh5 22. Rd5 f5 23. e5 dxe5 24. Rxe5 Ng6 25. Re6 Rh4 26. h3 Rxf4 27. Rfe1 Qh4 28. Qe3 Qf2 29. Re8+ Rxe8 30. Qxe8+ Nf8 31. Nd5 Re4 32. Ne7+ Rxe7 33. Qxe7 Qxc2 {[%emt 0:00:26] normal} 1-0

[Event "DVM U20 2019"]
[Site "Braunschweig"]
[Date "2019.12.27"]
[Round "2"]
[White "Dornieden, Jonas"]
[Black "Wiesner, Alexander"]
[Result "1/2-1/2"]
[ECO "A58"]
[WhiteElo "1912"]
[BlackElo "1960"]
[Annotator "NA"]
[PlyCount "98"]
[EventDate "2019.12.27"]
[EventType "team-tourn"]
[EventRounds "7"]
[EventCountry "GER"]
[SourceTitle "playchess.com"]
[Source "ChessBase"]
[SourceQuality "1"]
[WhiteTeam "SK Lehrte 1919"]
[BlackTeam "Karlsruher SF"]
[TimeControl "40/5400+30:1800+30"]

1. d4 Nf6 2. c4 c5 3. d5 b5 4. cxb5 a6 5. bxa6 g6 6. Nc3 Bg7 7. e4 O-O 8. Nf3 Qa5 9. Nd2 Bxa6 10. Nb3 Qb6 11. Bxa6 Nxa6 12. O-O d6 13. Re1 Nd7 14. Be3 Ne5 15. Qe2 Qb4 16. Nc1 Rfb8 17. f4 Nc4 18. Nd3 Qa5 19. Bd2 Nxb2 20. Nd1 Qa3 21. N1xb2 Bxb2 22. Nxb2 Rxb2 23. Bc1 Rxe2 24. Bxa3 Rxe1+ 25. Rxe1 Nc7 26. Re3 Nb5 27. Bb2 Rxa2 28. Rb3 Nd4 29. Bxd4 cxd4 30. Rd3 Ra4 31. Kf2 e5 32. dxe6 fxe6 33. e5 dxe5 34. fxe5 Ra5 35. Rxd4 Rxe5 36. Rd8+ Kg7 37. Rd7+ Kh6 38. h4 g5 39. hxg5+ Rxg5 40. Re7 Re5 41. g4 Kg6 42. Kf3 h6 43. Kf2 Re4 44. Kf3 Re1 45. Kf2 Re5 46. Kf3 Re1 47. Kf2 Re4 48. Kf3 Re5 49. Kf2 Kg5 {[%emt 0:03:44] normal} 1/2-1/2

[Event "DVM U20 2019"]
[Site "Braunschweig"]
[Date "2019.12.27"]
[Round "2"]
[White "Waffenschmidt, Lars"]
[Black "Rauch, Sören"]
[Result "1/2-1/2"]
[ECO "C06"]
[WhiteElo "1885"]
[BlackElo "1901"]
[Annotator "NA"]
[PlyCount "80"]
[EventDate "2019.12.27"]
[EventType "team-tourn"]
[EventRounds "7"]
[EventCountry "GER"]
[SourceTitle "playchess.com"]
[Source "ChessBase"]
[SourceQuality "1"]
[WhiteTeam "SK Bebenhausen"]
[BlackTeam "SG Trier"]
[TimeControl "40/5400+30:1800+30"]

1. e4 e6 2. d4 d5 3. Nd2 Nf6 4. e5 Nfd7 5. Bd3 c5 6. c3 Nc6 7. Ne2 cxd4 8. cxd4 f6 9. exf6 Nxf6 10. Nf3 Bd6 11. O-O O-O 12. Bf4 Ng4 13. Bxd6 Qxd6 14. Ng3 e5 15. dxe5 Ncxe5 16. Nxe5 Qxe5 17. Qb3 Kh8 18. Qb4 Be6 19. Rae1 Qf6 20. Bb1 Rae8 21. Qd2 a6 22. h3 Nh6 23. Qb4 Bd7 24. Rxe8 Bxe8 25. Bd3 Bc6 26. Ne2 Nf5 27. Bxf5 Qxf5 28. Nd4 Qf6 29. Nxc6 bxc6 30. Qb6 Rd8 31. Qxa6 Qxb2 32. a4 c5 33. Qa5 Rc8 34. Rd1 d4 35. Qa6 Rf8 36. Rf1 Qc3 37. Qd6 Re8 38. Qd7 Rf8 39. Qd6 Re8 {[%emt 0:00:16] normal} 40. Qd7 Rf8 {normal} 1/2-1/2

[Event "DVM U20 2019"]
[Site "Braunschweig"]
[Date "2019.12.27"]
[Round "2"]
[White "Schamschurko, André"]
[Black "Tiedemann, Fin Niklas"]
[Result "1/2-1/2"]
[ECO "C54"]
[WhiteElo "1868"]
[BlackElo "1936"]
[Annotator "NA"]
[PlyCount "83"]
[EventDate "2019.12.27"]
[EventType "team-tourn"]
[EventRounds "7"]
[EventCountry "GER"]
[SourceTitle "playchess.com"]
[Source "ChessBase"]
[SourceQuality "1"]
[WhiteTeam "USV TU Dresden"]
[BlackTeam "Lübecker SV"]
[TimeControl "40/5400+30:1800+30"]

1. e4 e5 2. Nf3 Nc6 3. Bc4 Bc5 4. c3 Nf6 5. d3 d6 6. Bb3 O-O 7. Bg5 h6 8. Bh4 Qe7 9. Nbd2 a6 10. Nf1 Be6 11. Bc2 Rad8 12. Ne3 g5 13. Bg3 Ng4 14. Qe2 Nxe3 15. fxe3 Bg4 16. O-O-O Kg7 17. h3 Bh5 18. h4 Bg4 19. Rdf1 f6 20. d4 Bb6 21. Qd2 Rh8 22. Be1 Bc8 23. Ng1 Qf7 24. Bb1 Ne7 25. Ne2 c6 26. Ng3 Be6 27. Qd1 Ng8 28. Qf3 g4 29. Nf5+ Bxf5 30. Qxf5 h5 31. Bg3 Ne7 32. Qf2 Ng6 33. Qe2 Qe7 34. Rf5 Rdf8 35. Rd1 Rd8 36. Bc2 Rh6 37. Bb3 Ba7 38. Qc4 d5 39. exd5 cxd5 40. Qd3 e4 41. Qf1 Qe6 42. Rf2 {[%emt 0:00:00] normal} 1/2-1/2

[Event "DVM U20 2019"]
[Site "Braunschweig"]
[Date "2019.12.27"]
[Round "2"]
[White "Ließ, Alexander"]
[Black "Döpper, Anna Bérénice"]
[Result "1/2-1/2"]
[ECO "D34"]
[WhiteElo "1852"]
[BlackElo "1855"]
[Annotator "NA"]
[PlyCount "55"]
[EventDate "2019.12.27"]
[EventType "team-tourn"]
[EventRounds "7"]
[EventCountry "GER"]
[SourceTitle "playchess.com"]
[Source "ChessBase"]
[SourceQuality "1"]
[WhiteTeam "SC Bavaria Regensburg"]
[BlackTeam "SF Essen-Katernberg"]
[TimeControl "40/5400+30:1800+30"]

1. d4 e6 2. c4 d5 3. Nf3 c5 4. cxd5 exd5 5. Nc3 Nc6 6. g3 Nf6 7. Bg2 Be7 8. O-O O-O 9. b3 b6 10. Bb2 Bb7 11. Rc1 Na5 12. dxc5 bxc5 13. Na4 c4 14. Ne5 cxb3 15. axb3 Rc8 16. Rxc8 Bxc8 17. Bd4 Qc7 18. Nd3 Be6 19. Nf4 Rb8 20. Bxf6 Bxf6 21. Nxd5 Qe5 22. Nc5 Rb5 23. Nxf6+ gxf6 24. b4 Nc4 25. Qa4 Rb6 26. Nd3 Qxe2 27. Nf4 Qe5 28. Qxa7 {[%emt 0:02:14] normal} 1/2-1/2

[Event "DVM U20 2019"]
[Site "Braunschweig"]
[Date "2019.12.27"]
[Round "2"]
[White "Düro, Liam"]
[Black "Freiherr von Hauff, Christopher"]
[Result "1/2-1/2"]
[ECO "A46"]
[WhiteElo "1841"]
[BlackElo "1868"]
[Annotator "NA"]
[PlyCount "170"]
[EventDate "2019.12.27"]
[EventType "team-tourn"]
[EventRounds "7"]
[EventCountry "GER"]
[SourceTitle "playchess.com"]
[Source "ChessBase"]
[SourceQuality "1"]
[WhiteTeam "SG Trier"]
[BlackTeam "SK Bebenhausen"]
[TimeControl "40/5400+30:1800+30"]

1. d4 Nf6 2. Nf3 c5 3. e3 e6 4. c4 d5 5. Nc3 Nc6 6. a3 Be7 7. dxc5 Bxc5 8. b4 Bb6 9. Bb2 O-O 10. c5 Bc7 11. Bb5 e5 12. O-O e4 13. Bxc6 bxc6 14. Nd2 Bxh2+ 15. Kxh2 Ng4+ 16. Kg3 Qg5 17. Ncxe4 dxe4 18. Nxe4 Qg6 19. Qd4 Nf6+ 20. Kh2 Qxe4 21. Qd6 Ba6 22. Rfd1 Ng4+ 23. Kg3 Nh6 24. Kh2 Qg6 25. Qd7 Bc8 26. Qc7 Bg4 27. Rd6 Qh5+ 28. Kg1 Rfc8 29. Qb7 Be6 30. Rxe6 Rcb8 31. Qc7 a5 32. Qe5 Qxe5 33. Rxe5 Kf8 34. Re4 f5 35. Rd4 Ng4 36. Rad1 axb4 37. axb4 Ra2 38. Rd8+ Rxd8 39. Rxd8+ Ke7 40. Rd2 Ke8 41. Kf1 g6 42. Ke2 Ra4 43. f3 Nh6 44. Bc3 Ra3 45. Kd3 Nf7 46. Kc4 Ke7 47. Rd3 Ra2 48. Rd2 Ra3 49. Rb2 Ra4 50. Kb3 Ra7 51. Rd2 Rb7 52. Rd1 Ke6 53. Ra1 Rd7 54. Ra6 Kd5 55. Bd4 f4 56. Kc3 fxe3 57. Bxe3 Re7 58. Bd4 Nd8 59. b5 Ne6 60. Bf2 Nc7 61. Ra2 Nxb5+ 62. Kb4 Rb7 63. Rd2+ Ke6 64. Ka5 Rd7 65. Re2+ Kd5 66. Kb6 Na3 67. Rd2+ Ke6 68. Rd6+ Rxd6 69. cxd6 Nc4+ 70. Kxc6 Nxd6 71. Kc7 Nf7 72. Be3 Ke7 73. Kc6 Ke6 74. Kc5 Ne5 75. Kd4 Kf5 76. Bc1 h5 77. Ke3 Nc6 78. Kf2 Nb4 79. Bd2 Nd5 80. Kg3 g5 81. Kf2 Nf6 82. Bc3 Nd5 83. Bd2 Nf6 84. g4+ Nxg4+ 85. fxg4+ Kxg4 {normal} 1/2-1/2

[Event "DVM U20 2019"]
[Site "Braunschweig"]
[Date "2019.12.27"]
[Round "2"]
[White "Genov, Valentin"]
[Black "von Angern, Cedric"]
[Result "0-1"]
[ECO "D91"]
[WhiteElo "1829"]
[BlackElo "1867"]
[Annotator "NA"]
[PlyCount "55"]
[EventDate "2019.12.27"]
[EventType "team-tourn"]
[EventRounds "7"]
[EventCountry "GER"]
[SourceTitle "playchess.com"]
[Source "ChessBase"]
[SourceQuality "1"]
[WhiteTeam "Hamburger SK"]
[BlackTeam "SG Aufbau Elbe Magdeburg"]
[TimeControl "40/5400+30:1800+30"]

1. d4 Nf6 2. c4 g6 3. Nc3 d5 4. Nf3 Bg7 5. Bg5 Ne4 6. cxd5 Nxc3 7. bxc3 Qxd5 8. Bf4 c5 9. e3 O-O 10. Be2 cxd4 11. cxd4 Be6 12. O-O Nc6 13. Qd2 Rfc8 14. Rfb1 Qd7 15. Ng5 Bf5 16. Bc4 Nd8 17. Rc1 e5 18. e4 exf4 19. exf5 Qxf5 20. Nf3 Nc6 21. Rab1 Rab8 22. Rb5 Qf6 23. Ne5 Nxe5 24. dxe5 Qe7 25. Qxf4 Rc7 {[%emt 0:02:28] normal} 26. Rd1 Rbc8 27. Bb3 {[%emt 0:00:11] normal} Rc5 28. Rxc5 {[%emt 0:00:06] normal} 0-1

[Event "DVM U20 2019"]
[Site "Braunschweig"]
[Date "2019.12.27"]
[Round "2"]
[White "Hamkar, Mehran"]
[Black "Kracht, Raphael"]
[Result "1/2-1/2"]
[ECO "C55"]
[WhiteElo "1814"]
[BlackElo "2031"]
[Annotator "NA"]
[PlyCount "128"]
[EventDate "2019.12.27"]
[EventType "team-tourn"]
[EventRounds "7"]
[EventCountry "GER"]
[SourceTitle "playchess.com"]
[Source "ChessBase"]
[SourceQuality "1"]
[WhiteTeam "SF Augsburg"]
[BlackTeam "SF Brackel"]
[TimeControl "40/5400+30:1800+30"]

1. e4 e5 2. Nf3 Nc6 3. d4 exd4 4. Bc4 Nf6 5. e5 d5 6. Bb5 Ne4 7. Nxd4 Bc5 8. Be3 O-O 9. Nxc6 bxc6 10. Bxc5 Nxc5 11. Bxc6 Rb8 12. Qxd5 Qe7 13. O-O Rd8 14. Qf3 Ne6 15. Qc3 Nd4 16. Re1 Rb6 17. Be4 Ba6 18. Qh3 Ne2+ 19. Kh1 Rh6 20. Qe3 Kh8 21. Bd3 Qh4 22. h3 Bxd3 23. cxd3 Nd4 24. Na3 Nf5 25. Qf3 Qg5 26. Rad1 Nh4 27. Qg3 Qe7 28. Re4 Nf5 29. Qf3 Nd4 30. Qg4 Rg6 31. Qh4 Qd7 32. Nc4 c5 33. e6 Nxe6 34. Ne5 Rh6 35. Nxd7 Rxh4 36. Rxh4 Rxd7 37. b4 g5 38. Rc4 cxb4 39. Rxb4 Kg7 40. h4 h6 41. hxg5 hxg5 42. d4 Kf6 43. g3 Ke7 44. Kg2 Kd6 45. Kf3 f5 46. Ke3 Nc7 47. Kd3 Nd5 48. Rc4 Rb7 49. Ra4 Rc7 50. Rc4 Rb7 51. Kd2 Rb2+ 52. Rc2 Rb4 53. Ke2 Ra4 54. Rdd2 Ra3 55. Rd3 Ra4 56. Rdd2 Ra3 57. Ke1 Nb4 58. Rc4 Nxa2 59. Rc5 Nc3 60. f3 Nd5 61. Kf2 a5 62. g4 fxg4 63. fxg4 {[%emt 0:00:05] normal} Nf6 64. Re2 Nxg4+ {[%emt 0:00:05] normal} 1/2-1/2

[Event "DVM U20 2019"]
[Site "Braunschweig"]
[Date "2019.12.27"]
[Round "2"]
[White "Gallas, Noel"]
[Black "Gabler, Eric"]
[Result "1/2-1/2"]
[ECO "B22"]
[WhiteElo "1785"]
[BlackElo "2064"]
[Annotator "NA"]
[PlyCount "60"]
[EventDate "2019.12.27"]
[EventType "team-tourn"]
[EventRounds "7"]
[EventCountry "GER"]
[SourceTitle "playchess.com"]
[Source "ChessBase"]
[SourceQuality "1"]
[WhiteTeam "SF Essen-Katernberg"]
[BlackTeam "SC Bavaria Regensburg"]
[TimeControl "40/5400+30:1800+30"]

1. e4 c5 2. c3 d5 3. exd5 Qxd5 4. d4 Nc6 5. Nf3 Bg4 6. Be2 Nf6 7. Be3 cxd4 8. cxd4 e6 9. O-O Be7 10. Nc3 Qd8 11. Qb3 Qb6 12. Qxb6 axb6 13. Rfd1 Nb4 14. h3 Bf5 15. Bb5+ Kf8 16. Rac1 Nfd5 17. Nxd5 Nxd5 18. Bc4 Bd6 19. Bxd5 exd5 20. a3 f6 21. Rc3 Ke7 22. Rdc1 Rhc8 23. Nd2 Rxc3 24. Rxc3 Rc8 25. Rxc8 Bxc8 26. Nb1 Bd7 27. Nc3 Bc6 28. Kf1 Ke6 29. Ke2 Be8 30. f4 Bc7 {[%emt 0:05:27] normal} 1/2-1/2

[Event "DVM U20 2019"]
[Site "Braunschweig"]
[Date "2019.12.27"]
[Round "2"]
[White "Celik, Cem"]
[Black "Brüll, Elias"]
[Result "0-1"]
[ECO "B21"]
[WhiteElo "1767"]
[BlackElo "1797"]
[Annotator "NA"]
[PlyCount "32"]
[EventDate "2019.12.27"]
[EventType "team-tourn"]
[EventRounds "7"]
[EventCountry "GER"]
[SourceTitle "playchess.com"]
[Source "ChessBase"]
[SourceQuality "1"]
[WhiteTeam "SF Essen-Katernberg"]
[BlackTeam "SC Bavaria Regensburg"]
[TimeControl "40/5400+30:1800+30"]

1. e4 c5 2. d4 cxd4 3. c3 dxc3 4. Nxc3 d6 5. Bc4 e6 6. Nf3 Nc6 7. Bf4 Be7 8. Qe2 Nf6 9. h3 e5 10. Bg5 Be6 11. O-O a6 12. Nd5 Bxd5 13. exd5 Nxd5 14. Bxe7 Ndxe7 15. Ng5 d5 16. Qf3 O-O {[%emt 0:04:42] normal} 0-1

[Event "DVM U20 2019"]
[Site "Braunschweig"]
[Date "2019.12.27"]
[Round "2"]
[White "Dörp, Max Marian"]
[Black "Schubert, Bernhard"]
[Result "1/2-1/2"]
[ECO "A09"]
[WhiteElo "1767"]
[BlackElo "1586"]
[Annotator "NA"]
[PlyCount "68"]
[EventDate "2019.12.27"]
[EventType "team-tourn"]
[EventRounds "7"]
[EventCountry "GER"]
[SourceTitle "playchess.com"]
[Source "ChessBase"]
[SourceQuality "1"]
[WhiteTeam "Lübecker SV"]
[BlackTeam "USV TU Dresden"]
[TimeControl "40/5400+30:1800+30"]

1. Nf3 d5 2. c4 dxc4 3. Na3 Nf6 4. Nxc4 Bg4 5. Nce5 Bxf3 6. Nxf3 e6 7. Qb3 Qd5 8. Qxd5 exd5 9. a3 Nc6 10. d4 Be7 11. Bf4 Rc8 12. h3 O-O 13. Rc1 Rfd8 14. e3 Nh5 15. Bh2 Bd6 16. Bxd6 Rxd6 17. Bd3 Ne7 18. O-O Rc6 19. Ne5 Rxc1 20. Rxc1 c6 21. b4 Nf6 22. f3 Rc7 23. Be2 Nd7 24. Nd3 f6 25. Nf4 Kf7 26. e4 Nb6 27. Bd1 g5 28. Nd3 dxe4 29. Bb3+ Kg6 30. fxe4 Rd7 31. Nc5 Rxd4 32. Nxb7 Kg7 33. Nc5 Kh6 34. Rf1 Kg6 {[%emt 0:02:56] normal} 1/2-1/2